 Dungeon Crawl Stone Soup version 0.27.0-1-g7a089689b8 (webtiles) character file.

Game seed: 2918963978552942252

1521 ryw the Skirmisher (level 8, 0/66 HPs)
             Began as a Demonspawn Monk on Aug 12, 2021.
             Slain by a wraith (10 damage)
             ... on level 6 of the Dungeon.
             The game lasted 00:17:55 (8198 turns).

ryw the Skirmisher (Demonspawn Monk)                Turns: 8198, Time: 00:17:56

Health: 0/66       AC:  9    Str: 13    XL:     8   Next: 54%
Magic:  8/8        EV: 12    Int: 13    God:
Gold:   203        SH:  0    Dex: 15    Spells: 7/7 levels left

rFire    + . .     SeeInvis .   y - +7 hunting sling "Cawyty" {flame, rN+ rCorr}
rCold    . . .     Faith    .   (no shield)
rNeg     + . .     Spirit   .   w - +2 leather armour {rF+}
rPois    .         Reflect  .   j - +1 helmet
rElec    .         Harm     .   (no cloak)
rCorr    +         Rampage  .   (no gloves)
Will     .....                  r - +0 pair of boots
Stlth    ++........             (no amulet)
HPRegen  0.21/turn              (no ring)
MPRegen  0.11/turn              (no ring)

@: hasted and slowed
A: hooves 1, rugged brown scales 1, demonic guardian 1, powered by pain 2
a: no special abilities


You were on level 6 of the Dungeon.
You visited 1 branch of the dungeon, and saw 6 of its levels.

You collected 203 gold pieces.

Inventory:

Hand Weapons
 a - a +2 dagger of venom
 b - a +2 hunting sling of flaming
 v - a +2 vampiric trident
 y - the +7 hunting sling "Cawyty" (weapon) {flame, rN+ rCorr}
   (You found it on level 6 of the Dungeon)

   Any ammunition fired from it burns those it strikes, dealing additional fire
   damage.
   rN:        It protects you from negative energy.
   rCorr:     It protects you from acid and corrosion.
Missiles
 k - 5 sling bullets (quivered ammo)
 l - 171 stones
 m - 4 silver javelins
Armour
 j - a +1 helmet (worn)
 r - a +0 pair of boots (worn)
 s - the +1 ring mail of Restlessness {rElec}
   (You found it on level 4 of the Dungeon)

   rElec:     It insulates you from electricity.
 w - a +2 leather armour of fire resistance (worn)
Scrolls
 c - 2 scrolls of teleportation {unknown}
 d - 3 scrolls of blinking {unknown}
 e - 2 scrolls of enchant armour {unknown}
 f - 3 scrolls of identify {unknown}
 h - 2 scrolls of noise {unknown}
 n - a scroll of enchant weapon {unknown}
 q - 4 scrolls of amnesia {unknown}
 u - a scroll of summoning {unknown}
Potions
 g - a potion of brilliance {unknown}
 i - a potion of haste
 o - a potion of ambrosia {unknown}
 p - a potion of heal wounds {unknown}
 t - 2 potions of might {unknown}
 x - a potion of mutation {unknown}


   Skills:
 + Level 6.4 Fighting
 * Level 4.4 Short Blades
 + Level 3.0(3.4) Slings
 - Level 2.4(3.1) Throwing
 * Level 3.4 Armour
 - Level 3.2 Dodging
 + Level 3.9 Stealth
 - Level 2.6 Unarmed Combat


You had 7 spell levels left.
You didn't know any spells.
Your spell library contained the following spells:

 Spells                   Type           Power      Damage    Failure   Level
 Tukima's Dance           Hex            0%         N/A       75%         3
 Passage of Golubria      Tloc           N/A        N/A       98%         4
 Yara's Violent Unravell  Hex/Tmut       0%         3d3       100%        5
 Malign Gateway           Summ/Tloc      0%         N/A       100%        7
 Summon Horrible Things   Summ           0%         N/A       100%        8


Dungeon Overview and Level Annotations

Branches:
Dungeon (6/15)
 Temple: D:4-7

Altars:

Annotations:
D:3 1 runed translucent door, krigyl's ghost, amateur TrSu
D:4 3 runed translucent doors, Spectrina's ghost, weakling DEMo
D:5 2 transporters, indyram44's ghost, novice MiBe


Innate Abilities, Weirdness & Mutations

You have large cloven feet.
You are partially covered in rugged brown scales. (AC +1, +3% HP)
A weak demonic guardian rushes to your aid.
You sometimes gain power by taking damage.


Message History

Your quasit claws the wraith but does no damage.
The wraith completely misses your quasit.
An orc wizard comes into view. It is wielding a +1 dagger of draining.
Your quasit bites the wraith but does no damage.
Your quasit closely misses the wraith.
Your quasit claws the wraith but does no damage.
The wraith hits your quasit.
Your quasit completely misses the wraith.
Your quasit claws the wraith but does no damage. x2
The wraith misses your quasit.
Your quasit bites the wraith but does no damage.
Your quasit completely misses the wraith.
Your quasit closely misses the wraith.
The wraith hits your quasit!
Your quasit dies!
The orc wizard casts a spell.
The orc wizard flickers and vanishes!
Deactivating autopickup; reactivate with Ctrl-A.
Fire: 6 sling bullets
Press: ? - help, Q - select action, (/) - cycle Shift-Dir - straight line, f/p - wraith
Aim: a wraith (lightly damaged, 70% to hit)
You shoot a sling bullet. The sling bullet hits the wraith!
The sling bullet burns the wraith.
The wraith is heavily damaged.
The wraith hits you.
* * * LOW HITPOINT WARNING * * *
The wraith drains your vigour!
You feel as though you will be slow longer.
The orc closely misses you.
An orc comes into view. It is wielding a +0 morningstar.
The wraith hits you.
* * * LOW HITPOINT WARNING * * *
A demonic guardian appears!
The wraith drains your vigour!
You feel as though you will be slow longer.
Unknown command.
Your ufetubus hits the wraith but does no damage.
Your ufetubus completely misses the wraith.
You feel yourself speed up.
Your ufetubus hits the wraith but does no damage. x2
The orc hits you but does no damage. The wraith hits you!
You die...

.# ###.#.## .# >.. ...# <#
##+###.# #..# .# ##...##.#
#..#### .# ##.....#.###.....# .#
##..............#.#
.###........^####.5..##########..
...'.........'..@W.(.oo...(......
.###.........####.o..##########(.
.# ##.......## ##.#.# .#
##.....## ###.# .# ##...## #.# .#
##+## ..# ## #.# .## #.# .
#######.##


You could see a wraith (ally target), 3 orcs and a friendly ufetubus (summoned).

Vanquished Creatures
  2 water moccasins
  2 necrophages
  An ogre (D:5)
  A centaur (D:5)
  2 phantoms (D:5)
  A gnoll sergeant (D:4)
  3 scorpions
  A wyvern skeleton (D:5)
  A howler monkey (D:4)
  A bullfrog zombie (D:5)
  A hound (D:4)
  A jelly (D:4)
  A gnoll shaman (D:5)
  An iguana (D:4)
  An orc wizard (D:5)
  Natasha (thrice) (D:4)
  Robin (D:2)
  8 gnolls (D:5)
  A howler monkey skeleton (D:4)
  7 adders
  An ufetubus (D:5)
  An adder skeleton (D:4)
  A worm (D:4)
  11 orcs
  4 ball pythons
  3 endoplasms
  4 giant cockroaches
  10 goblins
  7 hobgoblins
  3 jackals
  5 kobolds
  4 quokkas
  7 bats
  2 frilled lizards
  8 rats
111 creatures vanquished.

Vanquished Creatures (collateral kills)
  An orc (D:5)
1 creature vanquished.

Grand Total: 112 creatures vanquished

Notes
Turn   | Place    | Note
-------+----------+-------------------------------------------
     0 | D:1      | ryw the Demonspawn Monk began the quest for the Orb.
     0 | D:1      | Reached XP level 1. HP: 18/18 MP: 1/1
   462 | D:1      | Gained mutation: You sometimes gain a little power by
                  | taking damage. [demonic ancestry]
   462 | D:1      | Reached XP level 2. HP: 20/24 MP: 2/2
   776 | D:1      | Found a faded altar of an unknown god.
   795 | D:1      | Reached skill level 4 in Fighting
  1200 | D:2      | Noticed a scorpion
  1303 | D:2      | Gained mutation: You sometimes gain power by taking damage.
                  | [demonic ancestry]
  1303 | D:2      | Reached XP level 3. HP: 12/30 MP: 3/3
  1880 | D:2      | Noticed Robin
  2446 | D:2      | Killed Robin
  3070 | D:2      | Killed a scorpion
  3071 | D:2      | Reached skill level 5 in Fighting
  3071 | D:2      | Gained mutation: A weak demonic guardian rushes to your
                  | aid. [demonic ancestry]
  3071 | D:2      | Reached XP level 4. HP: 38/39 MP: 4/4
  4106 | D:3      | Reached XP level 5. HP: 43/44 MP: 5/5
  4296 | D:3      | Found a runed translucent door.
  4297 | D:3      | Noticed krigyl's ghost (amateur TrSu)
  4372 | D:4      | Noticed Natasha
  4378 | D:4      | Killed Natasha
  4379 | D:4      | Reached skill level 1 in Short Blades
  4450 | D:4      | Reached skill level 1 in Slings
  4468 | D:4      | Identified the +1 ring mail of Restlessness {rElec}
  4658 | D:4      | Noticed a necrophage
  4677 | D:4      | HP: 1/42 [necrophage (8)]
  4726 | D:4      | Found a runed translucent gate.
  5077 | D:4      | Reached XP level 6. HP: 47/49 MP: 6/6
  5078 | D:4      | Noticed Natasha
  5089 | D:4      | Killed Natasha
  5090 | D:4      | Reached skill level 1 in Throwing
  5394 | D:4      | You fall into a shaft and drop 2 floors!
  5410 | D:5      | Entered Level 5 of the Dungeon
  5511 | D:5      | Found a transporter.
  5513 | D:5      | Noticed indyram44's ghost (novice MiBe)
  5544 | D:5      | Gained mutation: You are partially covered in rugged brown
                  | scales. (AC +1, +3% HP) [demonic ancestry]
  5544 | D:5      | Reached XP level 7. HP: 52/58 MP: 7/7
  5573 | D:5      | Reached skill level 1 in Armour
  5729 | D:4      | Reached skill level 6 in Fighting
  5737 | D:4      | Noticed Natasha
  5910 | D:4      | Found a runed translucent gate.
  5910 | D:4      | Found a runed translucent gate.
  5912 | D:4      | Noticed Spectrina's ghost (weakling DEMo)
  6543 | D:5      | Gained mutation: You have large cloven feet. [demonic
                  | ancestry]
  6543 | D:5      | Reached XP level 8. HP: 54/63 MP: 8/8
  7160 | D:5      | HP: 3/65 [poisoned by a water moccasin]
  7167 | D:5      | HP: 3/65 [water moccasin (7)]
  7359 | D:4      | Killed Natasha
  7923 | D:5      | Found a transporter.
  8173 | D:6      | Identified the +7 hunting sling "Cawyty" {flame, rN+ rCorr}
  8198 | D:6      | Slain by a wraith

Illustrated notes

Levels and vault maps discovered:
D:1:      roderic_dead_forest, layout_loops_ring,
          shapermc_ecumenical_altar_starsandcircs
D:2:      layout_basic, chequers_big_river, grunt_ministairs_12,
          hangedman_decor_clover_reticule, interstate_on_off, uniq_robin
D:3:      layout_basic, ebering_ghost_reflecting_pool
D:4:      layout_loops_ring, portal_sewer_entry_e, ebering_ghost_rock_garden,
          kennysheep_generic_room_13, uniq_natasha
D:5:      layout_loops_cross, gammafunk_ghost_arena
D:6:      layout_loops_corners, minmay_temple_entry_trees, serial_shops,
          nicolae_shop_crystal, uniq_eustachio

Skill      XL: |  1  2  3  4  5  6  7  8 |
---------------+-------------------------+-----
Fighting       | 4 5 6 |  6.4
Short Blades   | 1 2 3 4 |  4.4
Stealth        | 2 3 |  3.9
Slings         | 1 2 3 |  3.0
Dodging        | 3 |  3.2
Throwing       | 1 2 |  2.4
Armour         | 2 3 |  3.4
Unarmed Combat | |  2.6

Action                   |  1- 3 |  4- 6 |  7- 9 || total
-------------------------+-------+-------+-------++-------
Melee: Unarmed           |   140 |       |       ||   140
       Dagger            |    15 |   124 |   261 ||   400
       Punch             |     1 |     2 |     3 ||     6
 Fire: Hunting sling     |     3 |       |     9 ||    12
Throw: Javelin           |       |       |    12 ||    12
  Use: Potion            |     1 |       |     4 ||     5
 Stab: Sleeping          |     9 |     2 |       ||    11
       Distracted        |       |     1 |     1 ||     2
Armor: Robe              |    30 |     4 |       ||    34
       Ring mail         |       |    33 |    76 ||   109
       Leather armour    |       |       |     7 ||     7
Dodge: Dodged            |    98 |    66 |   104 ||   268
